 Dungeon Crawl Stone Soup version 0.23-a0-639-ga9a3373 (webtiles) character file.

482 MalarOregon the Spear-Bearer (level 7, 0/55 HPs)
             Began as a Merfolk Gladiator on Dec 29, 2018.
             Succumbed to an orc wizard's poison
             ... on level 3 of the Dungeon.
             The game lasted 00:46:46 (3137 turns).

MalarOregon the Spear-Bearer (Merfolk Gladiator)    Turns: 3137, Time: 00:46:46

Health: 0/55       AC:  6    Str: 20    XL:     7   Next: 12%
Magic:  7/7        EV: 21    Int: 12    God:
Gold:   193        SH:  0    Dex: 20    Spells: 3/7 levels left

rFire    . . .     SeeInvis .   a - +0 trident
rCold    . . .     Gourm    .   (no shield)
rNeg     . . .     Faith    .   b - +0 leather armour
rPois    .         Spirit   .   c - +0 helmet
rElec    .         Reflect  .   k - +0 cloak
rCorr    .         Harm     .   n - +0 pair of gloves
MR       .....                  (no boots)
Stlth    +++.......             (no amulet)
HPRegen  0.58/turn              (no ring)
MPRegen  0.10/turn              (no ring)

@: mighty, brilliant, agile, lethally poisoned (0 -> -14), drained
A: change form in water, swift swim, stealthy swim, dopey 1, regeneration 1
a: no special abilities


You were on level 3 of the Dungeon.
You were not hungry.

You visited 1 branch of the dungeon, and saw 4 of its levels.

You collected 193 gold pieces.

Inventory:

Hand Weapons
 a - a +0 trident (weapon)
Missiles
 d - 2 throwing nets {!f}
 r - 5 javelins (quivered)
Armour
 b - a +0 leather armour (worn)
 c - a +0 helmet (worn)
 k - a +0 cloak (worn)
   (You found it on level 3 of the Dungeon)
 n - a +0 pair of gloves (worn)
   (You found it on level 4 of the Dungeon)
Jewellery
 i - an uncursed amulet of rage {unknown}
   (You found it on level 2 of the Dungeon)
 o - a cursed amulet of inaccuracy {unknown}
   (You found it on level 4 of the Dungeon)
Scrolls
 f - a scroll of remove curse {@r2}
 p - a scroll of enchant weapon {unknown}
 t - a scroll of immolation {!r}
Potions
 j - a potion of might
 m - a potion of agility
Comestibles
 e - 9 rations {!d}
 g - 3 chunks of flesh


   Skills:
 + Level 4.3(4.1) Fighting
 * Level 8.4(8.2) Polearms
 - Level 2.0(1.8) Throwing
 + Level 6.0(5.8) Dodging
 + Level 0.5(0.4) Spellcasting
 + Level 0.6(0.4) Summonings
 + Level 0.7(0.5) Ice Magic


You had 3 spell levels left.
You knew the following spells:

 Your Spells              Type           Power        Failure   Level  Hunger
d - Summon Ice Beast      Ice/Summ       #.......     30%         4    #####..

Your spell library contained the following spells:

 Spells                   Type           Power        Failure   Level  Hunger
 Freeze                   Ice            #...         3%          1    ##.....
 Throw Frost              Conj/Ice       #.....       6%          2    ###....
 Ozocubu's Armour         Chrm/Ice       #.......     12%         3    ####...
 Throw Icicle             Conj/Ice       #.......     32%         4    #####..


Dungeon Overview and Level Annotations

Branches:
Dungeon (4/15)
 Temple: D:4-7

Altars:
Xom

Annotations:
D:2 Sigmund


Innate Abilities, Weirdness & Mutations

You revert to your normal form in water.
You are very nimble and swift while swimming.
You are very stealthy in the water. (Stealth+)
You are dopey. (Int -2)
Your natural rate of healing is unusually fast.


Message History

You feel very mighty all of a sudden.
You feel sick. Something closely misses you.
You miss something. Something closely misses you.
You puncture something!
You feel sick. Something hits you but does no damage.
You barely miss something. You hit something.
You feel sick. Something hits you but does no damage.
You are lethally poisoned!
Okay, then.
It was a potion of curing.
You feel better.
You hear some strange, mumbled words.
Something tries to affect you, but you resist.
You miss something. Something hits you but does no damage.
You are poisoned.
You miss something.
You feel sick.
You hear some strange, mumbled words.
You are confused.
You feel sick.
You bump into the rock wall.
You feel sick.
You hear some strange, mumbled words.
A magic dart appears from out of thin air!
The magic dart hits you!
* * * LOW HITPOINT WARNING * * *
You bump into the rock wall.
Something hits you but does no damage.
You are lethally poisoned!
It was a potion of brilliance.
You feel clever all of a sudden.
* * * LOW HITPOINT WARNING * * *
You feel sick. Something hits you but does no damage.
You are more poisoned.
It was a potion of mutation.
You feel extremely strange.
You feel stupid.
You begin to heal more quickly.
* * * LOW HITPOINT WARNING * * *
You feel sick. Something hits you but does no damage.
You are more poisoned.
* * * LOW HITPOINT WARNING * * *
You feel very sick.
You're too confused to move!
You feel less confused.
* * * LOW HITPOINT WARNING * * *
You feel sick. Something hits you but does no damage.
Unknown command.
You miss something.
You die...

....#..).....###)................
......#...#####..................
..<.##..###...........##.....#...
.[..##.##...#.#####..###.....####
....##.#..##..# ##(##.......#
....##...###.## #.)).......#
....######<..# #####.#>.......#
...## #..#####.{.).#.#.....##
..#######.###...@#####......##
#...##........#### ####..##
#...#.......### ###..####
............# ##.......##
............# ##.........#
............# #...........
)...........# #...........
.........#### #...........
#...#...## ##.........#


There were no monsters in sight!

Vanquished Creatures
  A phantom (D:4)
  A centaur (D:4)
  A howler monkey (D:4)
  2 hounds (D:4)
  An orc priest (D:3)
  Natasha (twice) (D:2)
  A worker ant (D:3)
  5 adders
  An ooze (D:4)
  An adder skeleton (D:4)
  2 worms
  4 dart slugs
  A leopard gecko (D:3)
  3 orcs (D:3)
  4 bats
  A giant cockroach (D:4)
  4 goblins
  6 hobgoblins
  A quokka (D:4)
  A ball python (D:3)
  2 frilled lizards (D:1)
  2 jackal skeletons (D:4)
  11 kobolds
  11 rats
69 creatures vanquished.

Notes
Turn   | Place    | Note
-------+----------+-------------------------------------------
     0 | D:1      | MalarOregon the Merfolk Gladiator began the quest for the
                  | Orb.
     0 | D:1      | Reached XP level 1. HP: 16/16 MP: 1/1
   415 | D:1      | Reached XP level 2. HP: 22/23 MP: 2/2
   478 | D:1      | Reached skill level 5 in Polearms
   572 | D:2      | Reached XP level 3. HP: 13/28 MP: 3/3
  1191 | D:2      | Noticed Natasha
  1197 | D:2      | Killed Natasha
  1197 | D:2      | Reached skill level 6 in Polearms
  1197 | D:2      | Reached XP level 4. HP: 33/35 MP: 4/4
  1247 | D:2      | Noticed Sigmund
  1392 | D:2      | Found a shimmering altar of Xom.
  1428 | D:2      | Noticed Natasha
  1438 | D:2      | Killed Natasha
  1438 | D:2      | Reached skill level 5 in Dodging
  1473 | D:3      | Reached XP level 5. HP: 7/41 MP: 5/5
  2259 | D:4      | Reached skill level 7 in Polearms
  2593 | D:4      | Reached XP level 6. HP: 48/48 MP: 6/6
  2885 | D:4      | Reached skill level 8 in Polearms
  2901 | D:4      | Learned a level 4 spell: Summon Ice Beast
  2930 | D:4      | Noticed a phantom
  2955 | D:4      | Killed a phantom
  2955 | D:4      | Reached XP level 7. HP: 45/54 MP: 7/7
  3134 | D:3      | Gained mutation: You are dopey. (Int -2) [potion of
                  | mutation]
  3134 | D:3      | Gained mutation: Your natural rate of healing is unusually
                  | fast. [potion of mutation]
  3136 | D:3      | HP: 2/55 [poisoned by an orc wizard]
  3137 | D:3      | Succumbed to an orc wizard's poison

Vault maps used:
D:1:      psy_arrival_fountain
D:2:      xom_butterflies, first_ration, ebering_dispersal_statue_hall,
          uniq_sigmund, uniq_natasha

Skill      XL: |  1  2  3  4  5  6 |
---------------+-------------------+-----
Polearms       | 5 6 7 8 |  8.4
Fighting       | 3 4 |  4.3
Dodging        | 5 6 |  6.0
Throwing       | |  2.0
Spellcasting   | |  0.5
Summonings     | |  0.6
Ice Magic      | |  0.7

Action                   |  1- 3 |  4- 6 |  7- 9 || total
-------------------------+-------+-------+-------++-------
Melee: Trident           |    87 |   138 |    23 ||   248
Throw: Tomahawk          |     2 |       |       ||     2
       Throwing net      |       |     1 |       ||     1
       Javelin           |       |    19 |       ||    19
  Use: Scroll            |       |     5 |     1 ||     6
       Potion            |       |     1 |     5 ||     6
 Stab: Sleeping          |     3 |       |       ||     3
  Eat: Chunk             |     1 |     6 |       ||     7
Armor: Leather armour    |    16 |    14 |    11 ||    41
Dodge: Dodged            |    39 |    79 |     7 ||   125

Table legend:
 A = Non-vault XP
 B = Vault XP
 C = Vault XP percentage of total XP
 D = Non-vault monster count
 E = Vault monster count
 F = Vault count percentage of total count
                 A         B        C        D         E       F
            +---------+---------+-------+---------+---------+-------
      Total |     654 |      35 |   5.1 |      68 |       1 |   1.4
            +---------+---------+-------+---------+---------+-------
        D:1 |      24 |       0 |   0.0 |      17 |       0 |   0.0
        D:2 |     105 |      35 |  25.0 |      18 |       1 |   5.3
        D:3 |     119 |       0 |   0.0 |      19 |       0 |   0.0
        D:4 |     406 |       0 |   0.0 |      14 |       0 |   0.0
            +---------+---------+-------+---------+---------+-------
